 Dungeon Crawl Stone Soup version 0.20.1-1-g8b1a95d (webtiles) character file.

10217 pzail the Cleaver (level 11, -1/101 HPs)
             Began as a Minotaur Berserker on Oct 26, 2017.
             Was a High Priest of Trog.
             Succumbed to Toogi's ghost's poison
             ... on level 10 of the Dungeon.
             The game lasted 01:02:15 (10627 turns).

pzail the Cleaver (Minotaur Berserker)             Turns: 10627, Time: 01:02:16

Health: -1/101     AC: 17    Str: 24    XL:     11   Next: 33%
Magic:  10/10      EV:  9    Int:  4    God:    Trog [*****.]
Gold:   744        SH:  0    Dex: 11    Spells: 10/10 levels left

rFire    . . .     SeeInvis .   N - +0 battleaxe
rCold    . . .     Gourm    .   (shield currently unavailable)
rNeg     . . .     Faith    .   M - +1 plate armour
rPois    .         Spirit   .   (helmet restricted)
rElec    .         Reflect  .   x - +0 cloak
rCorr    .         Harm     .   (no gloves)
MR       +....                  (no boots)
Stlth    ..........             (no amulet)
Regen    0.3/turn               R - ring of protection from magic
MPRegen  0.2/turn               A - ring of stealth

@: lethally poisoned (-1 -> -24)
A: retaliatory headbutt, horns 2
a: Berserk, Trog's Hand, Brothers in Arms, Burn Spellbooks, Renounce Religion


You were on level 10 of the Dungeon.
You worshipped Trog.
Trog was extremely pleased with you.
You were not hungry.

You visited 1 branch of the dungeon, and saw 12 of its levels.

You collected 744 gold pieces.

Inventory:

Hand Weapons
 a - a +0 mace
 e - a +2 hand axe of chopping
 i - a +2 flail of holy wrath
 r - a +0 battleaxe
 w - a +3 quarterstaff of chaos
 y - a +0 blowgun
 G - a cursed -2 short sword
 I - a +0 shortbow
 K - a +0 hand crossbow
 N - a +0 battleaxe (weapon)
Missiles
 z - 15 poisoned needles (quivered)
 D - 5 curare-tipped needles
 J - 145 arrows
 L - 65 bolts
Armour
 b - a +0 animal skin
 g - a +0 chain mail
 u - a scarf of spirit shield
 x - a +0 cloak (worn)
 M - a +1 plate armour (worn)
 P - a +0 scale mail of poison resistance
Jewellery
 t - an uncursed amulet of the gourmand
 A - a ring of stealth (right hand)
 C - an uncursed ring of resist corrosion
 R - a ring of protection from magic (left hand)
Wands
 p - a wand of polymorph (12/24)
 H - a wand of lightning (15/15)
 O - a wand of disintegration (12/24)
Scrolls
 h - 5 scrolls of identify
 k - 2 scrolls of fog
 n - 2 scrolls of magic mapping
 S - a scroll of remove curse
 T - a scroll of noise {unknown}
Potions
 f - 2 potions of agility {unknown}
 l - 2 potions of lignification {unknown}
 m - a potion of heal wounds
 o - 5 potions of magic
 q - 2 potions of degeneration {unknown}
 s - 2 potions of brilliance
 v - a potion of flight {unknown}
 B - 2 potions of might
 F - a potion of cancellation {unknown}
 Q - a potion of curing {unknown}
Comestibles
 c - 4 bread rations
 d - 3 meat rations


   Skills:
 + Level 10.4 Fighting
 - Level 14.3(14.6) Axes
 - Level 5.2(10.8) Maces & Flails
 + Level 10.7 Armour
 + Level 3.5 Dodging


You had 10 spell levels left.
You didn't know any spells.

Dungeon Overview and Level Annotations

Branches:
Dungeon (12/15)            Temple (0/1) D:7             Orc (0/2) D:10
   Lair: D:8-11

Altars:
Fedhas
Gozag
Kikubaaqudgha
Nemelex Xobeh
Okawaru
Trog
Vehumet
Xom
Zin
The Shining One

Shops:
D:8 :

Annotations:
D:11 Toogi's ghost, journeyman HuCj


Innate Abilities, Weirdness & Mutations

You reflexively headbutt those who attack you in melee.
You have a pair of horns on your head.


Message History

You miss Toogi's ghost. Your headbutt misses Toogi's ghost.
Toogi's ghost is heavily damaged.
You are covered in liquid flames!
* * * LOW HITPOINT WARNING * * *
You feel sick.
Toogi's ghost points at you and mumbles some strange words.
The magic dart hits you!
You are covered in liquid flames!
* * * LOW HITPOINT WARNING * * *
x2 You feel sick.
There is a stone staircase leading up here.
You are covered in liquid flames!
* * * LOW HITPOINT WARNING * * *
x2 You feel sick.
Toogi's ghost hits you but does no damage.
You are more poisoned.
You climb upwards.
The ghost fades into the shadows.
Toogi's ghost disappears!
You are covered in liquid flames!
* * * LOW HITPOINT WARNING * * *
You die...

.............###..............#
).....#####...................#
#)##...)..#...###.............#
#...#..<.....###...#####......#
....#..[......................#
.......................##.#####
......................###.#
.............#.####.### #.#
.............#..@##.# #.#
..............##....# #.#
...............#.#.## #.#
............##.#.#.## #.#
....................# #.#
....................# #.#
....................#####.######
.....#.#.##....................#
.....#.#.##....................#


There were no monsters in sight!

Vanquished Creatures
  2 two-headed ogres
  An unseen horror (D:11)
  An ugly thing (D:12)
  A manticore (D:10)
  A centaur skeleton (D:10)
  3 trolls
  A hornet (D:10)
  The ghost of pzail the Conjurer, an amateur HuCj (D:5)
  3 hippogriffs
  Sigmund (D:5)
  2 yaks (D:11)
  A hungry ghost (D:9)
  4 wargs (D:10)
  Edmund (D:5)
  3 black bears
  2 orc warriors
  2 porcupines
  An ice beast (D:7)
  A sky beast (D:9)
  8 centaurs
  9 ogres
  2 big kobolds
  8 bullfrogs
  A gnoll sergeant (D:9)
  4 scorpions
  3 howler monkeys
  5 wights (D:9)
  5 crimson imps
  A hound (D:12)
  Crazy Yiuf (D:2)
  3 orc priests
  2 jellies
  2 bullfrog skeletons
  2 bullfrog zombies
  5 iguanas
  7 worker ants
  Natasha (twice) (D:3)
  3 orc wizards
  A hound skeleton (D:4)
  A worker ant zombie (D:7)
  13 gnolls
  9 adders
  3 shadow imps
  An adder zombie (D:7)
  2 leopard geckos (D:1)
  14 orcs
  A ball python (D:3)
  9 bats
  7 giant cockroaches
  7 goblins
  4 hobgoblins
  4 jackals
  3 quokkas
  3 frilled lizards
  A jackal zombie (D:4)
  22 kobolds
  2 leopard gecko skeletons (D:4)
  7 rats
219 creatures vanquished.

Vanquished Creatures (others)
  11 fungi (D:11)
11 creatures vanquished.

Grand Total: 230 creatures vanquished

Notes
Turn   | Place    | Note
-------+----------+-------------------------------------------
     0 | D:1      | pzail the Minotaur Berserker began the quest for the Orb.
     0 | D:1      | Reached XP level 1. HP: 19/19 MP: 0/0
    13 | D:1      | Found a shimmering altar of Xom.
    59 | D:1      | Reached XP level 2. HP: 19/27 MP: 1/1
   354 | D:1      | Reached XP level 3. HP: 30/33 MP: 2/2
   390 | D:1      | Reached ** piety under Trog
   771 | D:2      | Reached skill level 5 in Maces & Flails
   788 | D:3      | Found an iron altar of Okawaru.
  1026 | D:2      | Reached skill level 1 in Axes
  1275 | D:2      | Found an iron altar of Okawaru.
  1275 | D:2      | Found a radiant altar of Vehumet.
  1276 | D:2      | Found a glowing silver altar of Zin.
  1299 | D:2      | Reached XP level 4. HP: 39/40 MP: 1/3
  1665 | D:2      | Found a runed door.
  1669 | D:2      | Noticed Crazy Yiuf
  1673 | D:2      | Killed Crazy Yiuf
  1673 | D:2      | Reached skill level 2 in Axes
  2082 | D:4      | Reached skill level 3 in Axes
  2119 | D:4      | Reached XP level 5. HP: 47/47 MP: 4/4
  2221 | D:3      | Noticed Natasha
  2233 | D:3      | Killed Natasha
  2278 | D:3      | Reached skill level 4 in Axes
  2302 | D:3      | Noticed Natasha
  2318 | D:3      | Killed Natasha
  2502 | D:3      | Found a glowing golden altar of the Shining One.
  2643 | D:4      | Found a sparkling altar of Nemelex Xobeh.
  2651 | D:4      | Reached skill level 5 in Axes
  2651 | D:4      | Reached XP level 6. HP: 48/55 MP: 5/5
  2671 | D:4      | Found an opulent altar of Gozag.
  2694 | D:4      | Reached skill level 5 in Fighting
  2694 | D:4      | Reached skill level 6 in Axes
  2723 | D:4      | Noticed a two-headed ogre
  2729 | D:5      | Entered Level 5 of the Dungeon
  2930 | D:4      | Killed a two-headed ogre
  2930 | D:4      | Reached skill level 9 in Axes
  2930 | D:4      | Reached XP level 7. HP: 43/62 MP: 2/6
  2930 | D:4      | Reached XP level 8. HP: 49/70 MP: 2/7
  3167 | D:5      | Noticed Edmund
  3218 | D:4      | Reached *** piety under Trog
  3277 | D:5      | Reached skill level 10 in Axes
  3699 | D:5      | Reached skill level 11 in Axes
  3870 | D:5      | Found a blossoming altar of Fedhas.
  3870 | D:5      | Found an ancient bone altar of Kikubaaqudgha.
  3978 | D:5      | Killed Edmund
  3978 | D:5      | Reached XP level 9. HP: 70/78 MP: 8/8
  4060 | D:5      | Noticed pzail's ghost (amateur HuCj)
  4074 | D:5      | Killed pzail's ghost
  4335 | D:5      | Found a blossoming altar of Fedhas.
  4500 | D:5      | Noticed Sigmund
  4522 | D:5      | Killed Sigmund
  4601 | D:5      | Reached **** piety under Trog
  4601 | D:5      | Reached skill level 12 in Axes
  5407 | D:7      | Reached skill level 5 in Armour
  5561 | D:7      | Reached skill level 13 in Axes
  5922 | D:7      | Found a staircase to the Ecumenical Temple.
  5997 | D:8      | HP: 4/81 [poisoned by a gnoll sergeant]
  6002 | D:8      | HP: 3/81 [poisoned by a gnoll sergeant]
  6009 | D:8      | HP: 3/81 [poisoned by a gnoll sergeant]
  6017 | D:8      | HP: 3/81 [poisoned by a gnoll sergeant]
  6389 | D:10     | Entered Level 10 of the Dungeon
  6389 | D:10     | Noticed a troll
  6397 | D:10     | Killed a troll
  6397 | D:10     | Reached XP level 10. HP: 69/88 MP: 9/9
  6429 | D:8      | Found Jupumean's Book Emporium.
  6441 | D:8      | Noticed a two-headed ogre
  6455 | D:8      | Killed a two-headed ogre
  6689 | D:8      | Found a bloodstained altar of Trog.
  6996 | D:9      | Reached skill level 14 in Axes
  7648 | D:9      | Reached ***** piety under Trog
  8056 | D:10     | Found a staircase to the Orcish Mines.
  8110 | D:10     | Paralysed by a hornet for 1 turns
  8431 | D:11     | Killed an unseen horror
  8479 | D:11     | Noticed Toogi's ghost (journeyman HuCj)
  8538 | D:11     | Reached XP level 11. HP: 77/99 MP: 10/10
  8897 | D:11     | Reached skill level 10 in Fighting
  9168 | D:12     | Noticed a purple ugly thing
  9175 | D:12     | Killed a purple ugly thing
  9186 | D:12     | Reached skill level 10 in Armour
 10627 | D:10     | HP: 1/101 [burnt (6)]
 10627 | D:10     | Succumbed to Toogi's ghost's poison

Skill      XL: |  1  2  3  4  5  6  7  8  9 10 11 |
---------------+----------------------------------+-----
Maces & Flails | 4 5 |  5.2
Fighting       | 4 5 6 7 9 10 | 10.4
Axes           | 1 3 5 9 11 13 14 | 14.3
Armour         | 4 6 9 10 | 10.7
Dodging        | 3 |  3.5

Action                   |  1- 3 |  4- 6 |  7- 9 | 10-12 || total
-------------------------+-------+-------+-------+-------++-------
Melee: Mace              |    15 |       |       |       ||    15
       Headbutt          |     4 |    11 |    42 |    63 ||   120
       Hand axe          |    64 |    65 |    89 |       ||   218
       Battleaxe         |       |       |   130 |   258 ||   388
Invok: Berserk           |       |     3 |     1 |     5 ||     9
       Trog's Hand       |       |       |     1 |     1 ||     2
  Use: Scroll            |     3 |       |    11 |     3 ||    17
       Potion            |       |       |       |     4 ||     4
  Eat: Chunk             |     1 |     9 |    10 |     9 ||    29
       Royal jelly       |       |     1 |     2 |       ||     3
       Fruit             |       |       |     1 |     2 ||     3
       Meat ration       |       |       |     1 |       ||     1
       Bread ration      |       |       |       |     3 ||     3
Armor: Animal skin       |    11 |       |       |       ||    11
       Chain mail        |    54 |    22 |    14 |       ||    90
       Plate armour      |       |       |   113 |   242 ||   355
Dodge: Dodged            |    59 |    30 |    76 |   115 ||   280
